 Dungeon Crawl Stone Soup version 0.27.1-1-g398f81649c (webtiles) character file.

Game seed: 11975479872254064038

316 H0rd4k the Insei (level 6, -4/38 HPs)
             Began as an Octopode Transmuter on Sept 7, 2021.
             Killed from afar by Ijyb (15 damage)
             ... with a puff of flame
             ... on level 4 of the Dungeon.
             The game lasted 00:08:54 (6024 turns).

H0rd4k the Insei (Octopode Transmuter)              Turns: 6024, Time: 00:08:54

Health: -4/38      AC:  2    Str:  9    XL:     6   Next: 44%
Magic:  5/10       EV: 20    Int: 17    God:
Gold:   320        SH:  0    Dex: 18    Spells: 5/11 levels left

rFire    x . .     SeeInvis .     - Unarmed
rCold    + . .     Faith    .   (shield currently unavailable)
rNeg     + . .     Spirit   .   (helmet currently unavailable)
rPois    x         Reflect  .   (no amulet)
rElec    .         Harm     .   m - ring of willpower
rCorr    +         Rampage  .   j - ring of ice
Will     +....                  i - ring of resist corrosion
Stlth    ++........             q - ring of positive energy
HPRegen  0.12/turn              (no ring)
MPRegen  0.12/turn              (no ring)
                                (no ring)
                                (no ring)

@: spider-form, very slightly contaminated
A: venomous fangs, almost no armour, (amphibious), 8 rings, tiny, (camouflage
1), (gelatinous body 1), (nimble swimmer 1), (tentacles)
a: End Transformation


You were on level 4 of the Dungeon.
You were a venomous arachnid creature.
You visited 1 branch of the dungeon, and saw 4 of its levels.

You collected 320 gold pieces.

Inventory:

Missiles
 s - 2 poisoned darts
Jewellery
 i - a ring of resist corrosion (on tentacle)
 j - a ring of ice (right front leg)
 m - a ring of willpower (left front leg)
 q - a ring of positive energy (on tentacle)
Wands
 f - a wand of flame (7)
Scrolls
 c - 2 scrolls of blinking {unknown}
 e - 3 scrolls of identify {unknown}
 h - a scroll of amnesia {unknown}
 k - a scroll of noise {unknown}
 l - a scroll of fog {unknown}
 n - a scroll of holy word {unknown}
 o - 2 scrolls of torment {unknown}
 r - a scroll of brand weapon {unknown}
Potions
 a - a potion of invisibility {unknown}
 b - a potion of haste {unknown}
 d - a potion of degeneration {unknown}
 g - a potion of cancellation {unknown}
 p - a potion of curing {unknown}
 t - a potion of heal wounds {unknown}


   Skills:
 + Level 1.6 Fighting
 + Level 3.0 Dodging
 + Level 5.0 Unarmed Combat
 * Level 3.0 Spellcasting
 * Level 0.4 Translocations
 * Level 3.3 Transmutations
 + Level 0.9 Poison Magic


You had 5 spell levels left.
You knew the following spells:

 Your Spells              Type           Power      Damage    Failure   Level
a - Beastly Appendage     Tmut           26%        N/A       14%         1
b - Spider Form           Tmut/Pois      4%         N/A       43%         3
c - Blink                 Tloc           N/A        N/A       43%         2

Your spell library contained the following spells:

 Spells                   Type           Power      Damage    Failure   Level
 Wereblood                Tmut           13%        N/A       19%         2
 Corona                   Hex            2%         N/A       36%         1
 Ensorcelled Hibernation  Hex/Ice        6%         N/A       47%         2
 Tukima's Dance           Hex            2%         N/A       67%         3
 Ice Form                 Ice/Tmut       12%        N/A       83%         4
 Manifold Assault         Tloc           4%         N/A       99%         5
 Storm Form               Tmut/Air       4%         N/A       100%        7
 Chain Lightning          Conj/Air       1%         3d1       100%        9
 Fire Storm               Conj/Fire      1%         7d1       100%        9


Dungeon Overview and Level Annotations

Branches:
Dungeon (4/15)
 Temple: D:4-7

Altars:
Vehumet
The Shining One

Annotations:
D:2 1 runed translucent door, exclusions: door, 2 downstairs and phantom, Crazy Yiuf
D:3 exclusion: upstairs
D:4 exclusion: necrophage, Ijyb


Innate Abilities, Weirdness & Mutations

You are a venomous arachnid creature.
You have poisonous fangs.
You are tiny and dextrous.
Your spellcasting is less reliable in this form.
Your armour is entirely melded.
You are incapable of wielding weapons or throwing items.
You cannot wear most types of armour.
((You are amphibious.))
You can wear up to eight rings at the same time.
((Your skin changes colour to match your surroundings (Stealth+).))
((Your rubbery body absorbs attacks. (AC +1, EV +1)))
((You are camouflaged near water. (Stealth+)))
((You have tentacles for arms and can constrict up to eight enemies at once.))


Message History

The adder completely misses you.
You closely miss the adder.
The adder is severely wounded.
Your transformation is almost over.
The adder completely misses you.
You bite the adder!
You kill the adder!
Your Unarmed Combat skill increases to level 5!
Your transformation has ended.
Magic restored.
Found a stone staircase leading down.
Found a glowing golden altar of the Shining One.
Ijyb the Twisted Goblin comes into view.
She is wielding a +0 club and carrying a wand of flame (8).
Ijyb is nearby!
Casting: Spider Form (quite dangerous; 22% risk of failure)
Confirm with . or Enter, or press ? or * to list all spells.
The spell is quite dangerous to cast (22% risk of failure)!
Continue anyway?
You miscast Spider Form.
You are very lightly contaminated with residual magic.
Nothing appears to happen.
Ijyb shouts!
Ijyb zaps a wand.
The puff of flame hits you! The fire burns you terribly!
Casting: Spider Form (quite dangerous; 22% risk of failure)
Confirm with . or Enter, or press ? or * to list all spells.
The spell is quite dangerous to cast (22% risk of failure)!
Continue anyway?
You turn into a venomous arachnid creature.
You hit Ijyb.
Ijyb is poisoned.
Ijyb is lightly wounded.
Ijyb hits you with a +0 club.
You hit Ijyb but do no damage.
Ijyb looks as sick as possible!
Ijyb is moderately wounded.
Ijyb zaps a wand.
The puff of flame hits you! The fire burns you terribly!
* * * LOW HITPOINT WARNING * * *
You hit Ijyb.
Ijyb is heavily wounded.
Ijyb closely misses you.
You hit Ijyb.
Ijyb looks as sick as possible!
Ijyb is heavily wounded.
Ijyb zaps a wand.
The puff of flame hits you! The fire burns you terribly!
You die...

##.....####
###.#
#.....##
#... #....##
#._. #.####
#... #.#
#### ##.#
##..#
##..######
#...sg...#
#.........#
#...........
#.......####
....######
.#### #


You could see Ijyb (extremely poisoned).

Vanquished Creatures
  A jelly (D:3)
  Jessica (D:2)
  9 gnolls
  5 adders
  A worm (D:3)
  3 dart slugs
  5 endoplasms
  3 giant cockroaches
  25 goblins
  23 hobgoblins
  11 jackals
  A quokka (D:1)
  5 ball pythons
  4 bats
  2 frilled lizards (D:1)
  7 kobolds
  4 rats
110 creatures vanquished.

Notes
Turn   | Place    | Note
-------+----------+-------------------------------------------
     0 | D:1      | H0rd4k the Octopode Transmuter began the quest for the Orb.
     0 | D:1      | Reached XP level 1. HP: 13/13 MP: 3/3
   184 | D:1      | Reached XP level 2. HP: 14/18 MP: 5/5
   934 | D:1      | Reached XP level 3. HP: 5/23 MP: 6/6
   938 | D:1      | Learned a level 3 spell: Spider Form
  1470 | D:2      | Noticed Jessica
  1473 | D:2      | Killed Jessica
  1532 | D:2      | Reached XP level 4. HP: 28/28 MP: 2/7
  1656 | D:2      | Reached skill level 4 in Unarmed Combat
  1693 | D:2      | Noticed an eye of devastation
  1693 | D:2      | Noticed a phantom
  1973 | D:2      | Noticed a golden eye
  1975 | D:2      | Found a faded altar of an unknown god.
  1977 | D:2      | Noticed a floating eye
  1977 | D:2      | Noticed a great orb of eyes
  2130 | D:2      | Found a runed translucent door.
  2131 | D:2      | Noticed Crazy Yiuf
  2385 | D:3      | Reached XP level 5. HP: 29/33 MP: 2/9
  4526 | D:3      | Reached XP level 6. HP: 38/38 MP: 6/10
  4529 | D:3      | Learned a level 2 spell: Blink
  5764 | D:4      | Found a radiant altar of Vehumet.
  5892 | D:4      | Noticed a necrophage
  5934 | D:4      | Reached skill level 5 in Unarmed Combat
  5986 | D:4      | Found a glowing golden altar of the Shining One.
  6013 | D:4      | Noticed Ijyb
  6024 | D:4      | Killed from afar by Ijyb

Illustrated notes

Levels and vault maps discovered:
D:1:      dpeg_arrival_prison, layout_basic
D:2:      layout_rooms, hellmonk_ecumenical_altar_watching_god,
          uniq_crazy_yiuf_cottage, uniq_jessica
D:3:      minmay_goblin_kobold_castle, layout_rooms, serial_park_tiny_2
D:4:      layout_cave_pods, nicolae_tso_carved_into_rock, amcnicky_altar_gilded,
          minmay_temple_entry_drinking_statues, uniq_robin, uniq_ijyb

Skill      XL: |  1  2  3  4  5  6 |
---------------+-------------------+-----
Unarmed Combat | 4 5 |  5.0
Transmutations | 3 |  3.3
Dodging        | 3 |  3.0
Spellcasting   | 3 |  3.0
Fighting       | |  1.6
Translocations | |  0.4
Poison Magic   | |  0.9

Action                   |  1- 3 |  4- 6 || total
-------------------------+-------+-------++-------
Melee: Unarmed           |    63 |   190 ||   253
       Constrict         |    13 |    35 ||    48
       Tentacles         |    13 |    20 ||    33
       Kick              |     1 |       ||     1
       Punch             |       |     3 ||     3
 Cast: Beastly Appendage |     1 |     1 ||     2
       Spider Form       |       |    14 ||    14
 Stab: Sleeping          |     5 |     3 ||     8
       Distracted        |       |     1 ||     1
Armor: Skin              |     6 |    14 ||    20
Dodge: Dodged            |    45 |   181 ||   226
